 Dungeon Crawl Stone Soup version 0.29.1-13-g9f3cf754e1 (webtiles) character file.

Game seed: 7877532713858391420

4221 BabyfaceFinlayson the Covert (level 10, -3/46 HPs)
             Began as a Spriggan Enchanter on Jan 26, 2023.
             Was a Believer of Sif Muna.
             Killed by divine providence
             ... invoked by an orc priest
              (14 damage)
             ... on level 9 of the Dungeon on Jan 27, 2023.
             The game lasted 00:43:07 (9702 turns).

BabyfaceFinlayson the Covert (Spriggan Enchanter)   Turns: 9702, Time: 00:43:08

Health: -3/46      AC:  3    Str:  8    XL:     10   Next: 9%
Magic:  3/22       EV: 20    Int: 17    God:    Sif Muna [**....]
Gold:   217        SH:  0    Dex: 16    Spells: 13/24 levels left

rFire   . . .      SeeInvis +   t - +1 dagger (speed)
rCold   . . .      Faith    .   (no shield)
rNeg    . . .      Spirit   .   b - +1 robe
rPois   +          Reflect  .   (helmet restricted)
rElec   .          Harm     +   y - scarf {harm}
rCorr   .          Rampage  .   (gloves unavailable)
Will    ++...                   (boots unavailable)
Stlth   +++++.....              l - amulet of regeneration
HPRegen 0.95/turn               x - ring of poison resistance
MPRegen 0.18/turn               f - ring of willpower

@: very quick
A: very small, no large weapons, unfitting armour, see invisible, speed 3
a: Renounce Religion, Channel Magic


You were on level 9 of the Dungeon.
You worshipped Sif Muna.
Sif Muna was pleased with you.
You visited 2 branches of the dungeon, and saw 10 of its levels.

You collected 369 gold pieces.
You spent 152 gold pieces at shops.

Inventory:

Hand Weapons
 t - a +1 dagger of speed (weapon)
 z - a +2 dagger
Armour
 b - a +1 robe (worn)
 s - an orb of guile
 y - a scarf of harm (worn)
 B - an orb of wrath
Jewellery
 f - a ring of willpower (right hand)
 j - a +6 ring of dexterity
 l - an amulet of regeneration (around neck)
 x - a ring of poison resistance (left hand)
Wands
 c - a wand of flame (2)
 w - a wand of charming (15)
Scrolls
 a - a scroll of amnesia
 h - 7 scrolls of identify
 n - 2 scrolls of enchant armour
Potions
 d - 4 potions of flight
 g - 2 potions of resistance
 i - 2 potions of degeneration {unknown}
 k - 4 potions of heal wounds {unknown}
 o - 2 potions of ambrosia {unknown}
 p - a potion of brilliance {unknown}
 q - 5 potions of mutation {unknown}
 r - 2 potions of might {unknown}
 u - a potion of haste {unknown}
 v - 3 potions of attraction {unknown}


   Skills:
 + Level 2.2 Fighting
 + Level 5.5 Short Blades
 + Level 5.9 Dodging
 + Level 13.0 Stealth
 + Level 7.5 Spellcasting
 + Level 0.2 Conjurations
 + Level 7.8 Hexes
 + Level 4.1 Ice Magic
 + Level 1.7 Evocations


You had 13 spell levels left.
You knew the following spells:

 Your Spells              Type           Power      Damage    Failure   Level
a - Ensorcelled Hibernat  Hex/Ice        52%        N/A       1%          2
b - Tukima's Dance        Hex            33%        N/A       1%          3
c - Dazzling Flash        Conj/Hex       40%        N/A       6%          3
d - Confusing Touch       Hex            33%        N/A       1%          3

Your spell library contained the following spells:

 Spells                   Type           Power      Damage    Failure   Level
 Portal Projectile        Hex/Tloc       38%        N/A       7%          3
 Conjure Flame            Conj/Fire      6%         6-21      30%         3
 Ignite Poison            Fire/Tmut/Pois 6%         N/A       32%         3
 Sticky Flame             Conj/Fire      6%         2d3       71%         4
 Alistair's Intoxication  Tmut/Pois      4%         N/A       97%         5
 Blade Hands              Tmut           3%         N/A       97%         5
 Borgnjor's Vile Clutch   Necr/Erth      3%         N/A       97%         5
 Eringya's Noxious Bog    Tmut/Pois      3%         N/A       100%        6


Dungeon Overview and Level Annotations

Branches:
Dungeon (9/15)             Temple (1/1) D:6             Orc (0/2) D:9
   Lair: D:8-11

Altars:
Ashenzari
Cheibriados
Dithmenos
Elyvilon
Gozag
Hepliaklqana
Kikubaaqudgha
Makhleb
Nemelex Xobeh
Okawaru
Qazlal
Ru
Sif Muna
Trog
Uskayaw
Vehumet
Wu Jian
Xom
Zin
The Shining One

Shops:
D:2 [   D:4 :   D:9 (

Annotations:
D:8 Erica


Innate Abilities, Weirdness & Mutations

You are very small and have problems with some larger weapons.
You are too small for most types of armour.
You have supernaturally acute eyesight. (SInv)
You cover ground extremely quickly. (Speed+++)


Message History

Confirm with . or Enter, or press ? or * to list all spells.
Aiming: Tukima's Dance (safe; 1% risk of failure)
Press: ? - help, Shift-Dir - straight line, f/p - orc warrior
Aim: an orc warrior, wielding a +0 glaive, wearing a +0 plate armour and quivering a throwing net (chance to affect: 62%)
The +0 glaive dances into the air!
Casting: Tukima's Dance (safe; 1% risk of failure)
Confirm with . or Enter, or press ? or * to list all spells.
You can't see any susceptible monsters within range! (Use Z to cast anyway.)
There are monsters nearby!
The orc warrior throws a throwing net.
The throwing net barely misses you.
Your +0 glaive hits the orc warrior from afar.
Your +0 glaive hits the orc warrior from afar!!
Your +0 glaive hits the orc warrior!
The orc warrior dies!
Sif Muna accepts your kill.
Your +0 glaive falls from the air.
Casting: Tukima's Dance (safe; 1% risk of failure)
Confirm with . or Enter, or press ? or * to list all spells.
Aiming: Ensorcelled Hibernation (safe; 1% risk of failure)
Press: ? - help, Shift-Dir - straight line, f - orc priest
Aim: an orc priest, wielding a +0 mace and wearing a +0 scale mail (chance to affect: 57%)
The orc priest looks drowsy...
The orc priest shouts!
Things that are here:
a +0 war axe; a +0 scale mail; an orc corpse
Casting: Ensorcelled Hibernation (safe; 1% risk of failure)
Confirm with . or Enter, or press ? or * to list all spells.
You don't have enough magic to cast this spell.
Unknown command.
Aiming: Throw Flame
Press: ? - help, Shift-Dir - straight line, f/p - orc priest
Aim: an orc priest, wielding a +0 mace and wearing a +0 scale mail (75% to hit)
The puff of flame hits the orc priest but does no damage.
The orc priest calls down the wrath of Beogh upon you.
Beogh smites you!
* * * LOW HITPOINT WARNING * * *
You feel better.
The orc priest mumbles some strange prayers to Beogh against you.
Beogh smites you!
You die...

...................
..........o...o.... .
.......○o.......o.. .°
#######'###..o∩.>..
...##..°.○..##.........
..○°...○°..°°#○........
..○.°.○...°○°'.........
.°.°..°.°.o..#.......'
...##○○○@[°○##.......
#...°..○# ... #.....o○#
.. #○..°○.°o.
#.°.○○..○#.○.
###########°. .


You could see an orc priest and 3 orcs.

Vanquished Creatures
  A two-headed ogre (D:7)
  A hornet (D:6)
  2 dream sheep (D:7)
  A steam dragon (D:6)
  2 water moccasins (D:6)
  2 sky beasts
  2 ice beasts (D:5)
  4 black bears
  A kobold brigand (D:7)
  2 bullfrogs
  4 necrophages
  4 scorpions
  3 wights (D:4)
  4 orc priests
  2 gnoll boudas
  6 hounds
  3 iguanas
  4 orc wizards
  10 gnolls
  8 adders
  3 shadow imps
  A white imp (D:7)
  An ufetubus (D:6)
  2 worms
  A dart slug (D:3)
  24 orcs
  6 endoplasms
  2 giant cockroaches
  7 hobgoblins
  5 jackals
  24 kobolds
  6 quokkas
  7 ball pythons
  6 bats
  5 frilled lizards
  15 goblins
  3 rats
  A spectral kobold (D:1)
185 creatures vanquished.

Vanquished Creatures (collateral kills)
  An orc warrior (D:9)
  4 wights
5 creatures vanquished.

Vanquished Creatures (others)
  3 dancing weapons (D:8)
  A wight (D:8)
4 creatures vanquished.

Grand Total: 194 creatures vanquished

Notes
Turn   | Place    | Note
-------+----------+-------------------------------------------
     0 | D:1      | BabyfaceFinlayson the Spriggan Enchanter began the quest
                  | for the Orb.
     0 | D:1      | Reached XP level 1. HP: 9/9 MP: 5/5
   341 | D:1      | Reached XP level 2. HP: 6/13 MP: 6/6
   344 | D:1      | Learned a level 2 spell: Ensorcelled Hibernation
   632 | D:1      | Found a faded altar of an unknown god.
   701 | D:1      | Reached skill level 5 in Stealth
  1194 | D:2      | Found Uceerph's Antique Armour Shoppe.
  1238 | D:2      | Reached XP level 3. HP: 16/16 MP: 8/8
  2021 | D:2      | You fall into a shaft and drop 1 floor!
  2515 | D:3      | Reached XP level 4. HP: 19/21 MP: 1/10
  2617 | D:3      | Reached skill level 6 in Stealth
  2800 | D:3      | Learned a level 3 spell: Tukima's Dance
  3352 | D:3      | Reached XP level 5. HP: 24/24 MP: 6/11
  3357 | D:3      | Reached skill level 1 in Ice Magic
  3709 | D:3      | Learned a level 3 spell: Dazzling Flash
  3985 | D:4      | Reached skill level 7 in Stealth
  4000 | D:4      | Reached XP level 6. HP: 28/28 MP: 3/13
  4376 | D:4      | Found Firu's Self-Improvement Boutique.
  4879 | D:2      | Bought a runed scarf for 152 gold pieces
  4944 | D:4      | Reached skill level 8 in Stealth
  5050 | D:5      | Entered Level 5 of the Dungeon
  5059 | D:5      | Reached skill level 5 in Hexes
  5265 | D:5      | Reached XP level 7. HP: 27/32 MP: 4/15
  5764 | D:5      | Reached skill level 5 in Spellcasting
  6064 | D:5      | Reached skill level 1 in Fighting
  6064 | D:5      | Reached skill level 9 in Stealth
  6512 | D:5      | Reached XP level 8. HP: 26/37 MP: 17/17
  6545 | D:5      | Found a sparkling altar of Nemelex Xobeh.
  6621 | D:4      | Reached skill level 1 in Evocations
  6771 | D:6      | Found a staircase to the Ecumenical Temple.
  6787 | D:6      | Noticed a hornet
  6794 | D:6      | Killed a hornet
  6803 | D:6      | Reached skill level 10 in Stealth
  6831 | Temple   | Entered the Ecumenical Temple
  6866 | Temple   | Became a worshipper of Sif Muna the Loreminder
  7080 | D:6      | Reached skill level 5 in Dodging
  7282 | D:6      | Reached XP level 9. HP: 28/40 MP: 19/19
  7497 | D:6      | Reached skill level 5 in Short Blades
  7497 | D:6      | Reached skill level 11 in Stealth
  7725 | D:6      | Learned a level 3 spell: Confusing Touch
  7987 | D:7      | Reached * piety under Sif Muna
  8152 | D:7      | Noticed a two-headed ogre
  8184 | D:7      | Killed a two-headed ogre
  8185 | D:7      | Reached skill level 12 in Stealth
  9146 | D:8      | Reached XP level 10. HP: 41/46 MP: 14/22
  9252 | D:8      | Noticed Erica
  9267 | D:8      | Reached skill level 13 in Stealth
  9452 | D:8      | Noticed an orange demon
  9676 | D:9      | Found Vusazoomm's Weapon Boutique.
  9676 | D:9      | Found a staircase to the Orcish Mines.
  9696 | D:9      | Reached ** piety under Sif Muna
  9702 | D:9      | Killed from afar by an orc priest

Illustrated notes

Levels and vault maps discovered:
D:1:      minmay_arrival_loop, layout_basic,
          dreamdust_ecumenical_altar_drowned_temple,
          hangedman_abyss_or_decor_lesser_grid
D:2:      cheibrodos_old_hovel, layout_loops_ring, serial_shops, shop,
          minmay_quadrilaterals
D:3:      layout_loops_ring
D:4:      layout_basic, nicolae_shop_self_help
D:5:      layout_layer_cave, kennysheep_mini, kennysheep_generic_room_16
D:6:      layout_basic, minmay_temple_entry_statues
D:7:      layout_basic, enter_bailey_3, minmay_misc_feat_enclosed,
          minmay_misc_feat_iff, minmay_misc_feat_more_columns,
          dreamdust_gnoll_shepherd
D:8:      layout_basic, fedhas_bush_and_centaur_altar, minmay_crossroads,
          uniq_erica, uniq_amaemon
D:9:      layout_gridville, nicolae_yredelemnul_ghost_church, erik_lair_dragon,
          orc_david_3, kennysheep_dice
Temple:   hellmonk_temple_of_storms

Skill      XL: |  1  2  3  4  5  6  7  8  9 10 |
---------------+-------------------------------+-----
Spellcasting   | 3 4 5 6 7 |  7.5
Stealth        | 5 6 7 8 9 10 12 13 | 13.0
Hexes          | 4 5 6 7 |  7.8
Dodging        | 3 4 5 |  5.9
Ice Magic      | 1 2 4 |  4.1
Short Blades   | 2 3 4 5 |  5.5
Fighting       | 1 2 |  2.2
Evocations     | 1 |  1.7
Conjurations   | |  0.2

Action                   |  1- 3 |  4- 6 |  7- 9 | 10-12 || total
-------------------------+-------+-------+-------+-------++-------
Melee: Dagger            |    84 |   188 |   202 |    33 ||   507
       Punch             |       |     2 |     4 |     1 ||     7
Throw: Throwing net      |       |       |     1 |       ||     1
 Cast: Ensorcelled Hiber |    24 |    63 |    68 |    19 ||   174
       Tukima's Dance    |       |     9 |     3 |     9 ||    21
       Dazzling Flash    |       |       |     5 |     3 ||     8
Evoke: Wand              |       |       |     6 |     3 ||     9
  Use: Scroll            |     5 |     2 |     5 |     2 ||    14
       Potion            |       |     3 |     3 |     3 ||     9
 Stab: Sleeping          |    36 |    36 |    46 |    11 ||   129
       Distracted        |       |     3 |     1 |       ||     4
       Invisible         |       |     9 |     5 |     1 ||    15
Armor: Robe              |     6 |    17 |    11 |     3 ||    37
Dodge: Dodged            |    50 |   136 |   149 |    26 ||   361
